 Dungeon Sprint DCSS version bcrawl-1.26.1 (webtiles) character file.

Game seed: 2628972623081938909

433141 Freyura the Skirmisher (level 5, 0/46 HPs)
             Began as a Demonspawn Gladiator on July 3, 2020.
             Slain by a bat zombie (1 damage)
             ... in the Dungeon (Sprint IX: "|||||||||||||||||||||||||||||").
             The game lasted 00:00:40 (101 turns).

Freyura the Skirmisher (Demonspawn Gladiator)        Turns: 101, Time: 00:00:41

Health: 0/46       AC:  4    Str: 15    XL:     5   Next: 3%
Magic:  5/5        EV: 14    Int:  9    God:
Gold:   0          SH:  0    Dex: 15    Spells: 4/4 levels left

rFire    . . .     SeeInvis .   a - +0 flail
rCold    . . .     Gourm    .   (no shield)
rNeg     . . .     Faith    .   b - +0 leather armour
rPois    .         Spirit   .   c - +0 helmet
rElec    .         Reflect  .   (no cloak)
rCorr    .         Harm     .   (no gloves)
MR       .....     NoTele   +   (no boots)
Stlth    +.........             (no amulet)
HPRegen  0.15/turn              (no ring)
MPRegen  0.09/turn              (no ring)

@: lethally poisoned (0 -> -9), berserk cooldown, slowed, very slow
A: talons 2
a: no special abilities


You were in the Dungeon.
You were not hungry.

You visited 1 branch

Inventory:

Hand Weapons
 a - a +0 flail (weapon)
Missiles
 d - 3 throwing nets {=f}
Armour
 b - a +0 leather armour (worn)
 c - a +0 helmet (worn)
Scrolls
 k - a scroll of blinking
Potions
 f - a potion of curing
 g - a potion of heal wounds
 h - a potion of haste
 i - 2 potions of magic
Comestibles
 e - a ration {!d}


   Skills:
 * Level 6.1 Fighting
 * Level 5.9 Maces & Flails
 - Level 1.7 Throwing
 + Level 3.3 Armour
 + Level 4.5 Dodging


You had 4 spell levels left.
You didn't know any spells.
Your spell library was empty.

Dungeon Overview and Level Annotations

Branches:
Dungeon (1/1)

Altars:


Innate Abilities, Weirdness & Mutations

You have razor-sharp toenails.


Message History

The bat zombie hits you but does no damage.
You miss the crimson imp.
The crimson imp is moderately wounded.
* * * LOW HITPOINT WARNING * * *
You feel sick. The bat zombie misses you.
The bat zombie hits you but does no damage.
The bat zombie closely misses you. The bat zombie barely misses you.
The crimson imp completely misses you. The bat zombie barely misses you.
The crimson imp closely misses you.
You hit the crimson imp. You claw the crimson imp.
You kill the crimson imp!
Your Fighting skill increases to level 6!
You have reached level 5!
Your demonic ancestry asserts itself...
Your toenails lengthen and sharpen.
* * * LOW HITPOINT WARNING * * *
You feel sick. The bat zombie closely misses you. The bat zombie hits you.
* * * LOW HITPOINT WARNING * * *
The bat zombie hits you.
You die... ▓▓▓▓▓▓▓▓▓▓▓▓▓▓▓▓▓▓ +...Z@'.....)...<▓ ▓▓▓▓▓▓▓▓▓▓▓▓▓▓▓▓▓▓

You could see a bat zombie.

Vanquished Creatures
  A scorpion (D)
  A crimson imp (D)
  An orc priest (D)
  An orc wizard (D)
  A leopard gecko (D)
  A goblin (D)
  A frilled lizard (D)
  A kobold (D)
  A rat (D)
9 creatures vanquished.

Notes
Turn   | Place    | Note
-------+----------+-------------------------------------------
     0 | D        | Freyura the Demonspawn Gladiator began the quest for the
                  | Orb.
     0 | D        | Reached XP level 1. HP: 16/16 MP: 1/1
    86 | D        | Noticed a scorpion
    86 | D        | Noticed a crimson imp
    86 | D        | Noticed an orc wizard
    86 | D        | Noticed an orc priest
    89 | D        | Killed an orc priest
    89 | D        | Reached skill level 4 in Fighting
    89 | D        | Reached skill level 1 in Armour
    89 | D        | Gained mutation: You have sharp toenails. [demonic
                  | ancestry]
    89 | D        | Reached XP level 2. HP: 25/25 MP: 2/2
    89 | D        | Reached XP level 3. HP: 30/30 MP: 3/3
    98 | D        | Killed a scorpion
    98 | D        | Reached skill level 5 in Fighting
    98 | D        | Reached skill level 5 in Maces & Flails
    98 | D        | Reached XP level 4. HP: 9/39 MP: 4/4
   101 | D        | Reached skill level 6 in Fighting
   101 | D        | Gained mutation: You have razor-sharp toenails. [demonic
                  | ancestry]
   101 | D        | Reached XP level 5. HP: 4/46 MP: 5/5
   101 | D        | HP: 2/46 [poisoned by a scorpion]
   101 | D        | Slain by a bat zombie

Skill      XL: |  1  2  3  4 |
---------------+-------------+-----
Maces & Flails | 4 5 |  5.9
Dodging        | 3 4 |  4.5
Fighting       | 4 5 6 |  6.1
Armour         | 1 3 |  3.3
Throwing       | |  1.7

Action                   |  1- 3 |  4- 6 || total
-------------------------+-------+-------++-------
Melee: Flail             |    19 |     3 ||    22
       Kick              |     5 |     1 ||     6
  Use: Potion            |     1 |       ||     1
Armor: Leather armour    |     2 |     5 ||     7
Dodge: Dodged            |     7 |    14 ||    21
